AoeStats
← MZTK | PinPon

Arabia

509891733Analyzed
1v1 RM · 2d ago on Sep 28, 2026· 51m 53s· 2 players
Game mode
Random Map
Map size
Tiny (2 player)
Population
200
Speed
Normal
Resources
Standard
Victory
Conquest
Starting age
Dark Age
Ending age
Imperial Age
RankedLock teamsTeams togetherTeam positionsShared explorationLock speedFull tech treeHidden civsTurbo modeCheats
Victory
Defeat
🇺🇸 Poles · United States
1011
+17
🇫🇷 Bohemians · France
1026
-17
MZTK | PinPon
6:26 Loom
11:21 Feudal Age
12:53 Fletching
14:31 Padded Archer Armor
28:21 Castle Age
27:22 Double-Bit Axe
27:25 Horse Collar
28:29 Crossbowman
29:22 Bodkin Arrow
29:46 Leather Archer Armor
31:04 Wheelbarrow
34:15 Hand Cart
38:35 Bloodlines
38:25 Husbandry
38:43 Scale Barding Armor
38:48 Forging
43:02 Imperial Age
40:48 Gold Mining
42:28 Chain Barding Armor
42:44 Iron Casting
42:53 Iron Casting
43:30 Bow Saw
43:22 Heavy Plow
44:44 Chemistry
44:37 Cavalier
48:02 Blast Furnace
Leron
11:21 Feudal Age
11:54 Loom
11:50 Man-at-Arms
12:51 Double-Bit Axe
14:44 Horse Collar
16:56 Wheelbarrow
17:22 Fletching
18:46 Padded Archer Armor
32:33 Castle Age
33:18 Bodkin Arrow
35:17 Leather Archer Armor
35:09 Scale Barding Armor
35:03 Elite Skirmisher
38:25 Forging
43:07 Imperial Age
42:19 Chain Barding Armor
43:29 Bow Saw
44:33 Bracer
45:41 Cavalier
47:02 Ballistics
48:06 Iron Casting
48:03 Pikeman
50:06 Hand Cart
Connection lost

Rejoining the realm…

Still unreachable

The connection could not be restored.

Session expired

The server has moved on; the page needs a fresh start.